[Event "Nordic-chT Scholastic 2019"]
[Site "Stockholm"]
[Date "2019.09.07"]
[Round "3.5"]
[White "Skovgaard, Andreas"]
[Black "Aalto, Patrik"]
[Result "0-1"]
[ECO "D02"]
[WhiteElo "1976"]
[BlackElo "2104"]
[Annotator "NA RC"]
[PlyCount "114"]
[EventDate "2019.09.05"]
[EventType "team-tourn"]
[EventCountry "SWE"]
[SourceTitle "playchess.com"]
[Source "ChessBase"]
[SourceQuality "1"]
[TimeControl "5400+30"]

1. d4 d5 2. Nf3 c5 3. c3 Nf6 4. dxc5 e6 5. b4 a5 6. a3 {[%emt 0:02:14] D02: 1 d4 d5 2 Nf3 sidelines, including 2...Nf6 3 g3 and 2...Nf6 3 Bf4} (6. Qb3 axb4 7. cxb4 b6 8. cxb6 Qxb6 9. b5 Nbd7 10. e3 Nc5 11. Qd1 Na4 12. Be2 Bd7 13. O-O {0-1 (51) So,W (2812)-Vachier Lagrave,M (2796) Paris 2017}) 6... b6 7. cxb6 axb4 8. cxb4 Bxb4+ 9. Bd2 Bc5 10. Nc3 $146 ({Predecessor:} 10. e3 O-O 11. Qb3 Bxb6 12. Bb4 Re8 13. Bb5 {0-1 (74) Kappes,K (1994)-Belica,M (2108) Baden 2013}) 10... Ne4 11. e3 Nxd2 12. Qxd2 Qxb6 13. Rb1 Qa5 14. Na4 Nd7 15. Qxa5 Rxa5 16. Nxc5 Nxc5 17. Bb5+ Ke7 18. O-O Ba6 19. Bxa6 Rxa6 20. Rfc1 Ne4 21. Ne5 Kf6 22. Ng4+ Kg6 23. f3 Nd2 24. Rb7 Nc4 25. e4 h5 26. exd5 exd5 27. Rd7 $2 (27. Nf2 $11 {and White has nothing to worry.}) 27... hxg4 28. Rxd5 Nxa3 29. fxg4 Rb8 30. Rcc5 f6 31. Rd7 Nb5 32. h4 (32. h3 $142) 32... Ra7 33. Rdd5 Nc7 34. Rd2 Ne6 35. Rc6 Re7 36. Re2 Kf7 37. Rc4 Rd8 38. Ree4 Rd5 39. Kh2 Re5 40. Rxe5 (40. Kg3 $142) 40... fxe5 41. g5 Nf4 42. g4 Ke6 43. h5 Kd5 44. Rc2 e4 45. Kg3 Ne6 46. g6 Nd4 47. Ra2 e3 48. Ra5+ Kc4 49. Ra4+ Kd3 50. g5 e2 51. Ra1 e1=Q+ 52. Rxe1 Rxe1 53. h6 Re8 54. Kf4 Ne6+ 55. Kf5 Kd4 56. hxg7 Kd5 57. Kf6 Rg8 {[%emt 0:00:08] Ke5+ Kxe5} 0-1

[Event "Nordic-chT Scholastic 2019"]
[Site "Stockholm"]
[Date "2019.09.07"]
[Round "3.6"]
[White "Lehtinen, Justus"]
[Black "Skovgaard, Emil"]
[Result "0-1"]
[ECO "B78"]
[WhiteElo "1485"]
[BlackElo "1729"]
[Annotator "NA RC"]
[PlyCount "68"]
[EventDate "2019.09.05"]
[EventType "team-tourn"]
[EventCountry "SWE"]
[SourceTitle "playchess.com"]
[Source "ChessBase"]
[SourceQuality "1"]
[TimeControl "5400+30"]

1. e4 c5 2. Nf3 d6 3. d4 cxd4 4. Nxd4 Nf6 5. Nc3 g6 6. Be3 Bg7 7. f3 O-O 8. Qd2 Nc6 9. O-O-O Bd7 10. Bc4 Rc8 11. Nxc6 Rxc6 12. Bb3 a5 13. h4 h5 14. Bh6 Qb8 15. Nd5 Nxd5 16. Bxd5 Rc5 17. Bxg7 Kxg7 18. c3 Rfc8 19. Bb3 a4 20. Bxa4 Bxa4 21. Qd4+ Kg8 22. Qxa4 b5 23. Qc2 b4 24. Rd3 Qa7 25. Qb3 bxc3 26. Rxc3 Rxc3+ 27. bxc3 Qe3+ 28. Kb2 Qd2+ 29. Kb1 Rxc3 30. Qb8+ Kh7 31. Qf8 Qd3+ 32. Ka1 Qc4 33. Rb1 Rc2 34. Rb3 Qd4+ 0-1

[Event "Nordic-chT Scholastic 2019"]
[Site "Stockholm"]
[Date "2019.09.07"]
[Round "3.7"]
[White "Kraemmer, Kischichiro"]
[Black "Aurela, Valtteri"]
[Result "1-0"]
[ECO "A40"]
[WhiteElo "1591"]
[BlackElo "1467"]
[Annotator "NA RC"]
[PlyCount "61"]
[EventDate "2019.09.05"]
[EventType "team-tourn"]
[EventCountry "SWE"]
[SourceTitle "playchess.com"]
[Source "ChessBase"]
[SourceQuality "1"]
[TimeControl "5400+30"]

1. d4 e6 2. Nf3 d5 3. c4 c5 4. e3 Nf6 5. Nc3 cxd4 6. exd4 Bb4 7. Bg5 O-O 8. a3 Bxc3+ 9. bxc3 h6 10. Bh4 Nbd7 11. cxd5 exd5 12. Be2 Qc7 13. Qc2 Ne4 14. Rc1 Qa5 15. Qb2 Nb6 16. Be7 Re8 17. Bb4 Qa4 18. Nd2 Nxd2 19. Kxd2 Bf5 20. Rhe1 Be4 21. f3 Bg6 22. Bc5 Re6 23. Qb4 Qxb4 24. cxb4 Na4 25. Bb5 Nb2 26. Rxe6 fxe6 27. Kc3 a6 28. Kxb2 axb5 29. Bd6 Ra6 30. Rc8+ Kf7 31. Rf8# 1-0

[Event "Nordic-chT Scholastic 2019"]
[Site "Stockholm"]
[Date "2019.09.07"]
[Round "3.9"]
[White "Briem, Benedikt"]
[Black "Falkevall, Axel"]
[Result "0-1"]
[ECO "D10"]
[WhiteElo "1906"]
[BlackElo "2000"]
[Annotator "NA RC"]
[PlyCount "60"]
[EventDate "2019.09.05"]
[EventType "team-tourn"]
[EventCountry "SWE"]
[SourceTitle "playchess.com"]
[Source "ChessBase"]
[SourceQuality "1"]
[TimeControl "5400+30"]

1. d4 d5 2. c4 c6 3. Nc3 Nf6 4. cxd5 cxd5 5. f3 Qb6 6. e4 dxe4 7. fxe4 e5 8. Bb5+ Nc6 9. d5 Bb4 10. Qd3 a6 11. Bxc6+ bxc6 12. Qg3 O-O 13. Be3 Bxc3+ 14. bxc3 Qb2 15. Rc1 Nxe4 16. Qf3 cxd5 17. Ne2 Be6 18. O-O Qxa2 19. Ng3 f5 20. Nxe4 dxe4 21. Qh5 Rab8 22. g4 Bf7 23. Qg5 f4 24. Bc5 Rb2 25. Qh4 Rg2+ 26. Kh1 e3 27. c4 Bg6 28. Qh3 Be4 29. Rf3 Rg3 30. Bxe3 Bxf3+ 0-1

[Event "Nordic-chT Scholastic 2019"]
[Site "Stockholm"]
[Date "2019.09.07"]
[Round "4.1"]
[White "Mitra, Akash"]
[Black "Stefansson, Vignir Vatnar"]
[Result "0-1"]
[ECO "A04"]
[WhiteElo "1928"]
[BlackElo "2316"]
[Annotator "ChessBase"]
[PlyCount "72"]
[EventDate "2019.09.05"]
[EventType "team-tourn"]
[EventCountry "SWE"]
[SourceTitle "playchess.com"]
[Source "ChessBase"]
[SourceQuality "1"]
[TimeControl "5400+30"]

1. Nf3 f5 2. d4 Nf6 3. Bg5 e6 4. c4 Be7 5. Nc3 O-O 6. Qc2 b6 7. e4 fxe4 8. Nxe4 Bb7 9. Bd3 Nxe4 10. Bxe7 Qxe7 11. Bxe4 Bxe4 12. Qxe4 Qb4+ 13. Nd2 Nc6 14. Rb1 Qd6 15. d5 exd5 16. Qxd5+ Qxd5 17. cxd5 Rae8+ 18. Kf1 Nb4 19. f3 Nxd5 20. Kf2 Nf4 21. Ne4 d5 22. Nc3 d4 23. Ne4 c5 24. Rhd1 g5 25. g3 Nd5 26. Nxg5 Re3 27. f4 Nxf4 28. gxf4 Rxf4+ 29. Kg1 Rg4+ 30. Kf2 Rxg5 31. Rg1 Rxg1 32. Rxg1+ Kf7 33. Rg4 Rh3 34. Kg2 Rd3 35. Rh4 Rd2+ 36. Kg3 Kg6 0-1

[Event "Nordic-chT Scholastic 2019"]
[Site "Stockholm"]
[Date "2019.09.07"]
[Round "4.2"]
[White "Briem, Stephan"]
[Black "Salah Eldin, Youssef"]
[Result "1-0"]
[ECO "D06"]
[WhiteElo "2204"]
[BlackElo "2047"]
[Annotator "ChessBase"]
[PlyCount "39"]
[EventDate "2019.09.05"]
[EventType "team-tourn"]
[EventCountry "SWE"]
[SourceTitle "playchess.com"]
[Source "ChessBase"]
[SourceQuality "1"]
[TimeControl "5400+30"]

1. d4 d5 2. c4 Bf5 3. cxd5 Qxd5 4. Nc3 Qd8 5. e4 Bg6 6. Nf3 Nf6 7. Bc4 Bh5 8. e5 Ng8 9. e6 fxe6 10. Bxe6 Nf6 11. Ne5 Qd6 12. Qb3 Qxd4 13. Nf7 Bxf7 14. Bxf7+ Kd8 15. Be3 Qe5 16. Qxb7 Ng4 17. O-O-O+ Qd6 18. Qxa8 Kd7 19. Qxb8 g6 20. Qe8# 1-0

[Event "Nordic-chT Scholastic 2019"]
[Site "Stockholm"]
[Date "2019.09.07"]
[Round "4.5"]
[White "Bergan, Gaute"]
[Black "Skovgaard, Andreas"]
[Result "0-1"]
[ECO "B22"]
[WhiteElo "1862"]
[BlackElo "1976"]
[Annotator "NA"]
[PlyCount "76"]
[EventDate "2019.09.05"]
[EventType "team-tourn"]
[EventCountry "SWE"]
[SourceTitle "playchess.com"]
[Source "ChessBase"]
[SourceQuality "1"]
[TimeControl "5400+30"]

1. e4 c5 2. c3 d5 3. exd5 Qxd5 4. d4 Bf5 5. Nf3 e6 6. Bb5+ Nc6 7. O-O cxd4 8. c4 Qc5 9. Nxd4 O-O-O 10. Bxc6 Rxd4 11. Bxb7+ Kxb7 12. Qb3+ Qb4 13. Qf3+ Kb8 14. Be3 Rxc4 15. Na3 Re4 16. Rad1 Be7 17. Rd3 Qa5 18. Rb3+ Ka8 19. Nc4 Qd5 20. Rc1 Nf6 21. Nb6+ axb6 22. Rxb6 Ra4 23. Qe2 Bd3 24. Qd1 Ra5 25. Rc3 Rd8 26. Qc1 Bc4 27. h3 Qd1+ 28. Qxd1 Rxd1+ 29. Kh2 Nd5 30. Rxc4 Nxb6 31. Bxb6 Bd6+ 32. g3 Rxa2 33. b4 Rb2 34. Be3 Rxb4 35. Rc6 Rb3 36. Ra6+ Kb8 37. Rxd6 Rxd6 38. Bf4 Kc7 0-1

[Event "Nordic-chT Scholastic 2019"]
[Site "Stockholm"]
[Date "2019.09.07"]
[Round "4.6"]
[White "Skovgaard, Emil"]
[Black "Lazareva, Emilie"]
[Result "1-0"]
[ECO "C78"]
[WhiteElo "1729"]
[BlackElo "1319"]
[Annotator "NA"]
[PlyCount "69"]
[EventDate "2019.09.05"]
[EventType "team-tourn"]
[EventCountry "SWE"]
[SourceTitle "playchess.com"]
[Source "ChessBase"]
[SourceQuality "1"]
[TimeControl "5400+30"]

1. e4 e5 2. Nf3 Nc6 3. Bb5 a6 4. Ba4 Nf6 5. O-O b5 6. Bb3 Bc5 7. c3 O-O 8. d4 exd4 9. cxd4 Bb6 10. e5 Ne8 11. Bg5 Ne7 12. Nc3 c6 13. d5 d6 14. dxc6 Qc7 15. Bxe7 Qxe7 16. Nd5 Qd8 17. Nxb6 Qxb6 18. exd6 Be6 19. Bxe6 fxe6 20. Rc1 Qd8 21. c7 Qd7 22. c8=Q Rxc8 23. Rxc8 Qxc8 24. d7 Qd8 25. dxe8=Q Qxe8 26. Re1 Rf6 27. h3 Qc6 28. Qe2 Qd5 29. a3 h6 30. Qe5 Qd7 31. Nd4 Kf7 32. Rc1 Qe8 33. Rc7+ Kg8 34. Nf5 Rf7 35. Nd6 1-0

[Event "Nordic-chT Scholastic 2019"]
[Site "Stockholm"]
[Date "2019.09.07"]
[Round "4.7"]
[White "Nickelsen, Emil"]
[Black "Kraemmer, Kischichiro"]
[Result "0-1"]
[ECO "C50"]
[WhiteElo "1286"]
[BlackElo "1591"]
[Annotator "NA"]
[PlyCount "26"]
[EventDate "2019.09.05"]
[EventType "team-tourn"]
[EventCountry "SWE"]
[SourceTitle "playchess.com"]
[Source "ChessBase"]
[SourceQuality "1"]
[TimeControl "5400+30"]

1. e4 e5 2. Nf3 Nc6 3. d4 exd4 4. Bc4 Be7 5. Nxd4 Nf6 6. Nc3 Ne5 7. Bb3 d6 8. Nf3 Bg4 9. Be3 Nfd7 10. h3 Nxf3+ 11. gxf3 Bh5 12. Nd5 Ne5 13. Qd2 Nxf3+ 0-1

[Event "Nordic-chT Scholastic 2019"]
[Site "Stockholm"]
[Date "2019.09.07"]
[Round "4.9"]
[White "Falkevall, Axel"]
[Black "Burgaard, Kristian Gade"]
[Result "1-0"]
[ECO "B22"]
[WhiteElo "2000"]
[BlackElo "1586"]
[Annotator "NA"]
[PlyCount "89"]
[EventDate "2019.09.05"]
[EventType "team-tourn"]
[EventCountry "SWE"]
[SourceTitle "playchess.com"]
[Source "ChessBase"]
[SourceQuality "1"]
[TimeControl "5400+30"]

1. e4 c5 2. c3 Nf6 3. e5 Nd5 4. d4 cxd4 5. Nf3 Nc6 6. cxd4 (6. Bc4 $5 Nb6 7. Bb3 $11) 6... g6 (6... d6 $11) 7. Bc4 Nb6 8. Bb3 Bg7 9. O-O d6 10. Qe2 O-O 11. h3 Bf5 12. Rd1 Qc7 13. Bf4 dxe5 14. dxe5 Rad8 15. Rxd8 Rxd8 16. Bxf7+ Kh8 17. Bb3 Nd4 $16 18. Nxd4 Rxd4 19. Be3 Qxe5 20. Nc3 Rd6 21. Qf3 Rc6 22. Rd1 Qc7 23. g4 Be6 24. Nb5 Qb8 25. Bf4 Qf8 26. Be5 Rc8 27. Qxf8+ Rxf8 28. Bxg7+ Kxg7 29. Bxe6 Rf6 30. Bb3 a6 31. Nc7 Rc6 32. Nd5 Nxd5 33. Rxd5 Rc7 34. Kg2 h6 35. Kf3 Rc6 36. Rd7 Rf6+ 37. Kg2 b5 38. Rxe7+ Kf8 39. Re6 Rxe6 40. Bxe6 Ke7 41. Bc8 a5 42. Ba6 b4 43. Kf3 g5 44. Ke4 Ke6 45. Bc4+ {[%emt 0:00:11] Kd5+} 1-0

[Event "Nordic-chT Scholastic 2019"]
[Site "Stockholm"]
[Date "2019.09.07"]
[Round "4.10"]
[White "Heiberg, Clara"]
[Black "Grahn, Vidar"]
[Result "1-0"]
[ECO "B36"]
[WhiteElo "1483"]
[BlackElo "1962"]
[Annotator "NA"]
[PlyCount "55"]
[EventDate "2019.09.05"]
[EventType "team-tourn"]
[EventCountry "SWE"]
[SourceTitle "playchess.com"]
[Source "ChessBase"]
[SourceQuality "1"]
[TimeControl "5400+30"]

1. e4 c5 2. Nf3 Nc6 3. d4 cxd4 4. Nxd4 g6 5. c4 Nf6 6. Nc3 d6 7. Be3 (7. Be2 $14) 7... Ng4 $1 8. Bg5 {[%emt 0:02:16] [#]} (8. Nxc6 $11 bxc6 9. Bc1) 8... Qb6 $1 {[%emt 0:00:21] Double Attack} 9. Be3 Nxe3 10. fxe3 Qxb2 11. Nd5 Kd8 12. Rb1 $1 Qa3 13. Qd2 e6 14. Rb3 Qa4 15. Nxc6+ bxc6 16. Qb2 e5 17. Ra3 $18 Qxa3 18. Qxa3 cxd5 19. Qa5+ Ke8 20. cxd5 Bd7 21. Bb5 Bh6 22. Bxd7+ Kxd7 23. Qb5+ Ke7 24. Qb7+ Kf6 25. Rf1+ Kg5 26. Qe7+ Kh5 27. Rf3 Bg5 28. Rh3+ 1-0

[Event "Nordic-chT Scholastic 2019"]
[Site "Stockholm"]
[Date "2019.09.08"]
[Round "5.1"]
[White "Stefansson, Vignir Vatnar"]
[Black "Bergan, Gaute"]
[Result "1-0"]
[ECO "D10"]
[WhiteElo "2316"]
[BlackElo "1862"]
[Annotator "NA"]
[PlyCount "67"]
[EventDate "2019.09.05"]
[EventType "team-tourn"]
[EventCountry "SWE"]
[SourceTitle "playchess.com"]
[Source "ChessBase"]
[SourceQuality "1"]
[TimeControl "5400+30"]

1. d4 d5 2. c4 c6 3. Nc3 Nf6 4. cxd5 cxd5 5. f3 Nc6 6. e4 dxe4 7. d5 Ne5 8. fxe4 g6 9. Bf4 Nfd7 10. Nf3 Bg7 11. Bb5 O-O 12. Bxd7 Nxf3+ 13. Qxf3 Bxd7 14. e5 Rc8 15. O-O Qb6+ 16. Rf2 h6 17. Re1 Bf5 18. h3 Qa6 19. Qe3 Kh7 20. g4 Bd3 21. Rd1 Bc4 22. b3 Bb5 23. Ne4 Qb6 24. a4 Bd7 25. Qd3 Qa6 26. Qg3 f5 27. exf6 exf6 28. Bd6 Rf7 29. g5 f5 30. gxh6 Bxh6 31. Qh4 Kg8 32. Qxh6 fxe4 33. Rxf7 Kxf7 34. Qh7+ 1-0

[Event "Nordic-chT Scholastic 2019"]
[Site "Stockholm"]
[Date "2019.09.08"]
[Round "5.2"]
[White "Lazareva, Emilie"]
[Black "Briem, Stephan"]
[Result "0-1"]
[ECO "B01"]
[WhiteElo "1319"]
[BlackElo "2204"]
[Annotator "NA"]
[PlyCount "86"]
[EventDate "2019.09.05"]
[EventType "team-tourn"]
[EventCountry "SWE"]
[SourceTitle "playchess.com"]
[Source "ChessBase"]
[SourceQuality "1"]
[TimeControl "5400+30"]

1. e4 d5 2. e5 c5 3. c3 Nc6 4. d4 Bf5 5. a3 e6 6. Nf3 Qb6 7. Be2 Nge7 8. O-O cxd4 9. cxd4 Be4 10. Qa4 Nf5 11. Rd1 Bxf3 12. Bxf3 Nfxd4 13. Nd2 Bc5 14. Rf1 O-O 15. b4 Nxf3+ 16. Nxf3 Bd4 17. Rb1 Nxe5 18. Nxe5 Bxe5 19. Qb3 Rac8 20. Bd2 Rc4 21. Rfe1 Bd4 22. Be3 Rfc8 23. h3 Rc3 24. Bxd4 Qxd4 25. Qb2 Qf4 26. Rbd1 Rc2 27. Qd4 Qxd4 28. Rxd4 Rc1 29. Rdd1 Rxd1 30. Rxd1 Kf8 31. Kf1 Ke7 32. g3 Kd6 33. Re1 e5 34. Kg2 e4 35. Re2 Rc3 36. Re3 Rxe3 37. fxe3 d4 38. exd4 Kd5 39. Kf2 Kxd4 40. Ke2 b5 41. g4 g5 42. Kd2 e3+ 43. Ke2 Ke5 0-1

[Event "Nordic-chT Scholastic 2019"]
[Site "Stockholm"]
[Date "2019.09.08"]
[Round "5.3"]
[White "Heidarsson, Arnar Milutin"]
[Black "Buxrud, Fredrik Berg"]
[Result "1-0"]
[ECO "D00"]
[WhiteElo "1756"]
[BlackElo "1224"]
[Annotator "NA"]
[PlyCount "59"]
[EventDate "2019.09.05"]
[EventType "team-tourn"]
[EventCountry "SWE"]
[SourceTitle "playchess.com"]
[Source "ChessBase"]
[SourceQuality "1"]
[TimeControl "5400+30"]

1. d4 d5 2. Nc3 Nf6 3. Bf4 c6 4. e3 Bf5 5. f3 e6 6. g4 Bg6 7. h4 h6 8. h5 Bh7 9. Bd3 Bxd3 10. Qxd3 Qb6 11. O-O-O Nbd7 12. Nge2 Rc8 13. e4 dxe4 14. Nxe4 c5 15. Nxf6+ Nxf6 16. dxc5 Qxc5 17. Be3 Qc6 18. Nd4 Qa4 19. Kb1 Bc5 20. Nb3 Bxe3 21. Qxe3 Nd5 22. Rxd5 O-O 23. Rd2 b6 24. g5 hxg5 25. Qxg5 f6 26. Qg6 Qf4 27. Rd7 Qh6 28. Qxh6 gxh6 29. Rg1+ Kh8 30. Rgg7 1-0

[Event "Nordic-chT Scholastic 2019"]
[Site "Stockholm"]
[Date "2019.09.08"]
[Round "5.5"]
[White "Skovgaard, Andreas"]
[Black "Ivarsson, Sebastian"]
[Result "0-1"]
[ECO "E81"]
[WhiteElo "1976"]
[BlackElo "1976"]
[Annotator "NA"]
[PlyCount "90"]
[EventDate "2019.09.05"]
[EventType "team-tourn"]
[EventCountry "SWE"]
[SourceTitle "playchess.com"]
[Source "ChessBase"]
[SourceQuality "1"]
[TimeControl "5400+30"]

1. d4 Nf6 2. c4 g6 3. Nc3 Bg7 4. e4 d6 5. f3 O-O 6. Be3 c5 7. Nge2 Nc6 8. d5 Ne5 9. Ng3 h5 10. Bd3 e6 11. Bg5 Qb6 12. O-O Nh7 13. Be3 a6 14. Rb1 Qc7 15. h3 Nf6 16. Be2 exd5 17. exd5 Re8 18. Bg5 Nh7 19. Bf4 h4 20. Nge4 f5 21. Nf2 g5 22. Bd2 Ng6 23. Bd3 Bd4 24. Qc2 Qf7 25. Kh1 Ne5 26. Rbe1 Bd7 27. Ng4 fxg4 28. fxg4 Qg7 29. Bxh7+ Qxh7 30. Qxh7+ Kxh7 31. Rxe5 Bxe5 32. Rf7+ Kg6 33. Rxd7 Rf8 34. Be3 Rf1+ 35. Bg1 Bd4 36. Rxd6+ Kf7 37. Ne2 Re8 38. Re6 Rxe6 39. dxe6+ Kxe6 40. Kh2 Be5+ 41. g3 Re1 42. Nc3 Bxc3 43. bxc3 Re2+ 44. Kh1 hxg3 45. Bxc5 Rxa2 0-1

[Event "Nordic-chT Scholastic 2019"]
[Site "Stockholm"]
[Date "2019.09.08"]
[Round "5.6"]
[White "Dingertz, Erik"]
[Black "Skovgaard, Emil"]
[Result "1-0"]
[ECO "A22"]
[WhiteElo "1896"]
[BlackElo "1729"]
[Annotator "NA"]
[PlyCount "115"]
[EventDate "2019.09.05"]
[EventType "team-tourn"]
[EventCountry "SWE"]
[SourceTitle "playchess.com"]
[Source "ChessBase"]
[SourceQuality "1"]
[TimeControl "5400+30"]

1. c4 e5 2. Nc3 Nf6 3. g3 Nc6 4. Bg2 Bb4 5. d3 O-O 6. Bd2 Bxc3 7. Bxc3 d5 8. cxd5 Nxd5 9. Nf3 Nxc3 10. bxc3 Be6 11. O-O f6 12. Rb1 Rb8 13. Qa4 Qd7 14. Rfd1 Qd8 15. Rf1 Qd7 16. Rfd1 Bh3 17. d4 e4 18. Ne1 Bxg2 19. Nxg2 Rfd8 20. d5 Ne7 21. Qxe4 Nxd5 22. Nf4 c6 23. c4 Nc3 24. Rxd7 Nxe4 25. Rxd8+ Rxd8 26. Rxb7 Nd6 27. Rxa7 Nxc4 28. Ne6 Rd1+ 29. Kg2 g6 30. Rg7+ Kh8 31. Rc7 h5 32. Rxc6 Rc1 33. Rc8+ Kh7 34. Rc7+ Kh6 35. a4 Rc2 36. a5 Rxe2 37. Nd4 Ne3+ 38. Kf3 Nd5 39. Rc5 Re5 40. a6 g5 41. a7 g4+ 42. Kg2 Nb6 43. Rxe5 fxe5 44. Nb5 Na8 45. Kf1 Kg5 46. Ke2 h4 47. Ke3 h3 48. Ke4 Kf6 49. Kd5 Kf5 50. Nd6+ Kf6 51. Kc6 Ke6 52. Nc4 Kf5 53. Kb7 Ke4 54. Kxa8 Kf3 55. Nxe5+ Kxf2 56. Nxg4+ Kf3 57. Kb8 Kxg4 58. a8=Q 1-0

[Event "Nordic-chT Scholastic 2019"]
[Site "Stockholm"]
[Date "2019.09.08"]
[Round "5.7"]
[White "Kraemmer, Kischichiro"]
[Black "Stromgard, Martin"]
[Result "0-1"]
[ECO "D02"]
[WhiteElo "1591"]
[BlackElo "1648"]
[Annotator "NA"]
[PlyCount "70"]
[EventDate "2019.09.05"]
[EventType "team-tourn"]
[EventCountry "SWE"]
[SourceTitle "playchess.com"]
[Source "ChessBase"]
[SourceQuality "1"]
[TimeControl "5400+30"]

1. d4 d5 2. Nf3 c5 3. e3 Nc6 4. c4 Bg4 5. Be2 cxd4 6. Nxd4 Bxe2 7. Kxe2 dxc4 8. Nxc6 bxc6 9. Qxd8+ Kxd8 10. Bd2 Rb8 11. Bc3 e6 12. Nd2 Ne7 13. Nxc4 Nd5 14. Rhd1 Kc8 15. Be5 Rb7 16. Rac1 Rd7 17. Na5 c5 18. Nb3 f6 19. Nxc5 Bxc5 20. Rxc5+ Kb7 21. e4 Kb6 22. Bd4 Nf4+ 23. Kf3 Rxd4 24. Rdc1 Nd3 25. Rc6+ Kb5 26. Rc8 Nxc1 27. Rxh8 Rd3+ 28. Kg4 Rd2 29. Kf3 h6 30. Rb8+ Ka6 31. Rb4 Nd3 32. Ra4+ Kb6 33. Ke3 Nxb2 34. Rb4+ Kc5 35. Rb3 Nc4+ {[%emt 0:00:18] Kd4+} 0-1

[Event "Nordic-chT Scholastic 2019"]
[Site "Stockholm"]
[Date "2019.09.08"]
[Round "5.9"]
[White "Briem, Benedikt"]
[Black "Olsen, William Alexander"]
[Result "0-1"]
[ECO "A46"]
[WhiteElo "1906"]
[BlackElo "1800"]
[Annotator "NA"]
[PlyCount "164"]
[EventDate "2019.09.05"]
[EventType "team-tourn"]
[EventCountry "SWE"]
[SourceTitle "playchess.com"]
[Source "ChessBase"]
[SourceQuality "1"]
[TimeControl "5400+30"]

1. d4 Nf6 2. Nf3 e6 3. Bf4 b6 4. Nbd2 Bb7 5. e3 Be7 6. Bd3 d6 7. h3 Nbd7 8. O-O O-O 9. c3 Re8 10. e4 Bf8 11. e5 dxe5 12. dxe5 Nd5 13. Bxh7+ Kh8 14. Ng5 Nxe5 15. Bxe5 Qxg5 16. Nf3 Qh5 17. Bd3 Bd6 18. Bxd6 cxd6 19. Qd2 e5 20. Qg5 Nf4 21. Qxh5+ Nxh5 22. Bb5 Re6 23. Bd7 Re7 24. Bg4 Nf4 25. Nh4 g6 26. g3 Nd5 27. Rad1 Rd8 28. Rfe1 e4 29. Ng2 f5 30. Be2 Nf6 31. Nf4 Kh7 32. h4 Re5 33. Rd4 Nd5 34. Nh3 Ne7 35. Red1 d5 36. Ng5+ Kg7 37. f4 exf3 38. Bxf3 b5 39. Nh3 Nc8 40. a4 a6 41. a5 Ne7 42. Nf4 Re8 43. Nxd5 Nc6 44. R4d3 Nxa5 45. Nb4 Bxf3 46. Rxf3 Nc4 47. Rd7+ Kh6 48. Nd3 Re2 49. g4 Nxb2 50. g5+ Kh5 51. Nxb2 Rxb2 52. Rd4 Rc2 53. Kf1 Re4 54. Rxe4 fxe4 55. Rf4 e3 56. Re4 Rxc3 57. Ke2 Rc4 58. Re6 Rxh4 59. Rxa6 Re4 60. Rc6 Re5 61. Rc8 Kxg5 62. Rb8 Kf4 63. Rd8 g5 64. Rf8+ Ke4 65. Rf7 g4 66. Rf8 g3 67. Rf3 g2 68. Rg3 Kd4 69. Rxg2 b4 70. Rg8 b3 71. Rb8 Kc4 72. Rc8+ Rc5 73. Rb8 Kc3 74. Kxe3 b2 75. Ke2 Kc2 76. Rd8 b1=Q 77. Rd2+ Kc3 78. Rd1 Re5+ 79. Kf2 Qxd1 80. Kg2 Qe2+ 81. Kg3 Rg5+ 82. Kf4 Qe5+ 0-1

[Event "Nordic-chT Scholastic 2019"]
[Site "Stockholm"]
[Date "2019.09.08"]
[Round "5.10"]
[White "Elmi, Saad Abobaker"]
[Black "Briem, Gudrun Fanney"]
[Result "1-0"]
[ECO "A10"]
[WhiteElo "1620"]
[BlackElo "1185"]
[Annotator "NA"]
[PlyCount "107"]
[EventDate "2019.09.05"]
[EventType "team-tourn"]
[EventCountry "SWE"]
[SourceTitle "playchess.com"]
[Source "ChessBase"]
[SourceQuality "1"]
[TimeControl "5400+30"]

1. c4 g6 2. Nf3 Bg7 3. d4 Nf6 4. g3 O-O 5. Bg2 d6 6. O-O Bg4 7. Nc3 Nbd7 8. Qb3 Rb8 9. Rd1 c6 10. h3 Bxf3 11. Bxf3 Qc7 12. Be3 e5 13. dxe5 dxe5 14. Bxa7 Ra8 15. Be3 Kh8 16. Bg2 Ne8 17. Rd2 f5 18. Rad1 Nef6 19. Qb4 Rf7 20. Qd6 Qxd6 21. Rxd6 Re8 22. b4 h6 23. b5 cxb5 24. cxb5 e4 25. Bd4 Bf8 26. Rxd7 Kg8 27. Rxf7 Kxf7 28. e3 Rd8 29. f3 Bb4 30. Bxf6 Rxd1+ 31. Nxd1 Kxf6 32. fxe4 fxe4 33. Bxe4 b6 34. Kf1 g5 35. Ke2 Bd6 36. g4 Ke5 37. Kd3 Bc5 38. Nc3 Bb4 39. Ne2 Bc5 40. Nd4 Bd6 41. a4 Bc7 42. Nf5 Kf6 43. Kd4 Kg6 44. Kd5 h5 45. Nd4+ Kh6 46. Ne6 Bg3 47. Kc6 Bf2 48. Nc7 Bxe3 49. Nd5 Bg1 50. Nxb6 hxg4 51. hxg4 Bd4 52. a5 Be5 53. a6 Bb8 54. Kb7 1-0